 Dungeon Crawl Stone Soup version 0.30-a0-509-gd016549fea (webtiles) character file.

Game seed: 7433022846012844866

1255 zishaf the Gusty (level 8, -9/48 HPs)
             Began as a Tengu Air Elementalist on Dec 22, 2022.
             Was an Initiate of Vehumet.
             Mangled by an iguana (12 damage)
             ... on level 5 of the Dungeon.
             The game lasted 00:10:16 (6105 turns).

zishaf the Gusty (Tengu Air Elementalist)           Turns: 6105, Time: 00:10:17

Health: -9/48      AC:  4    Str:  8    XL:     8   Next: 51%
Magic:  1/12       EV: 14    Int: 18    God:    Vehumet [......]
Gold:   220        SH:  0    Dex: 15    Spells: 0/11 levels left

rFire   . . .      SeeInvis .    r - +0 whip (elec)
rCold   . . .      Faith    .    (no shield)
rNeg    . . .      Spirit   .    n - +1 robe {Will+}
rPois   .          Reflect  .    (helmet restricted)
rElec   .          Harm     .    (no cloak)
rCorr   .          Rampage  .    l - +0 pair of gloves
Will    +....                    (boots unavailable)
Stlth   ++........               (no amulet)
HPRegen 0.28/turn                h - ring of wizardry
MPRegen 0.13/turn                (no ring)

@: flying quickly and evasively, quick
A: beak, talons 3, nimble flight
a: Renounce Religion


You were on level 5 of the Dungeon.
You worshipped Vehumet.
Vehumet was noncommittal.
You visited 1 branch of the dungeon, and saw 5 of its levels.

You collected 220 gold pieces.

Inventory:

Hand Weapons
 c - a +3 dagger
 r - a +0 whip of electrocution (weapon)
Armour
 a - a +0 robe
 l - a +0 pair of gloves (worn)
 n - a +1 robe of willpower (worn)
Jewellery
 h - a ring of wizardry (left hand)
Wands
 m - a wand of roots (11)
 p - a wand of digging (5)
Scrolls
 i - 2 scrolls of poison
 o - 2 scrolls of torment
Potions
 b - a potion of magic
 d - a potion of ambrosia
 e - 4 potions of curing
 f - a potion of haste
 g - a potion of might
 j - a potion of mutation {unknown}
 k - 2 potions of lignification
 q - 5 potions of attraction


   Skills:
 + Level 4.2 Fighting
 - Level 2.1 Dodging
 - Level 2.0 Stealth
 + Level 2.3 Spellcasting
 + Level 6.0 Conjurations
 * Level 4.4 Fire Magic
 + Level 7.2 Air Magic
 - Level 4.0 Evocations


You couldn't memorise any spells.
You knew the following spells:

 Your Spells              Type           Power      Damage    Failure   Level
a - Shock                 Conj/Air       100%       1d9       1%          1
b - Airstrike             Air            14%        2d(2-18)  3%          4
A - Static Discharge      Conj/Air       50%        2-5/arc   1%          2
B - Flame Wave            Conj/Fire      20%        2d7       9%          4

Your spell library contained the following spells:

 Spells                   Type           Power      Damage    Failure   Level
 Swiftness                Air            28%        N/A       1%          3
 Momentum Strike          Conj/Tloc      24%        3d8       3%          2
 Kindle Blastsparks       Fire/Tloc/Air  32%        2d12      4%          3
 Inner Flame              Hex/Fire       10%        N/A       9%          3
 Sticky Flame             Conj/Fire      20%        2d4       9%          4
 Blink                    Tloc           4%         N/A       11%         2
 Ignite Poison            Fire/Tmut/Pois 7%         N/A       12%         3
 Lesser Beckoning         Tloc           4%         N/A       21%         3
 Freezing Cloud           Conj/Ice/Air   8%         6-21      32%         5


Dungeon Overview and Level Annotations

Branches:
Dungeon (5/15)
 Temple: D:4-7

Altars:
Fedhas
Vehumet

Shops:
D:1 (


Innate Abilities, Weirdness & Mutations

You have a beak for a mouth.
You have claws for feet.
Your magical nature lets you fly swiftly and evasively.


Message History

Casting: Static Discharge (safe; 1% risk of failure)
Confirm with . or Enter, or press ? or * to list all spells.
The centaur is struck by an arc of lightning.
The centaur is severely wounded.
The iguana is struck by an arc of lightning.
The iguana is almost dead.
The centaur is struck by an arc of lightning.
The centaur is almost dead.
The lightning grounds out.
The centaur closely misses you. The centaur kicks you.
Casting: Static Discharge (safe; 1% risk of failure)
Confirm with . or Enter, or press ? or * to list all spells.
You don't have enough magic to cast this spell.
You hit the centaur. Your kick misses the centaur.
The centaur is almost dead.
The centaur barely misses you. x2
The centaur hits you with a +0 falchion!
* * * LOW HITPOINT WARNING * * *
The centaur kicks you.
* * * LOW HITPOINT WARNING * * *
You hit the centaur. Lightning courses through the centaur!
You kill the centaur!
Vehumet accepts your kill.
Training target 4.0 for Evocations reached!
Your Conjurations skill increases to level 6!
Your Evocations skill increases to level 4!
You barely miss the iguana.
The iguana is almost dead.
The iguana bites you!
* * * LOW HITPOINT WARNING * * *
The iguana barely misses you.
Casting: Static Discharge (safe; 1% risk of failure)
Confirm with . or Enter, or press ? or * to list all spells.
Aiming: Shock (safe; 1% risk of failure)
Press: ? - help, Shift-Dir - straight line, f - iguana
Aim: an iguana (almost dead, 77% to hit)
The zap hits the iguana.
The iguana is almost dead.
The iguana bites you!
You die...

.........
.......#
......# .....##
..... ... #l#
#@# #.#
#####.####
###........##
#...........##
##............#
#.............#
#.............#
#.............#


You could see an iguana.

Vanquished Creatures
  Sigmund (D:4)
  An ice beast (D:4)
  A black bear (D:4)
  2 ogres
  A centaur (D:5)
  2 kobold brigands (D:3)
  A howler monkey (D:3)
  A jelly (D:5)
  A gnoll bouda (D:5)
  2 orc priests (D:5)
  2 hounds (D:5)
  An iguana (D:5)
  Robin (D:3)
  7 gnolls
  12 adders
  2 worms
  2 dart slugs
  7 orcs (D:5)
  5 ball pythons
  5 bats
  8 endoplasms
  3 giant cockroaches (D:1)
  9 hobgoblins
  7 jackals
  12 kobolds
  4 quokkas
  3 frilled lizards
  16 goblins
  5 rats
124 creatures vanquished.

Vanquished Creatures (others)
  43 fungi (D:5)
  4 plants (D:5)
47 creatures vanquished.

Grand Total: 171 creatures vanquished

Notes
Turn   | Place    | Note
-------+----------+-------------------------------------------
     0 | D:1      | zishaf the Tengu Air Elementalist began the quest for the
                  | Orb.
     0 | D:1      | Reached XP level 1. HP: 10/10 MP: 4/4
   135 | D:1      | Reached XP level 2. HP: 16/16 MP: 0/6
   254 | D:1      | Found Ycverr's Weapon Emporium.
   262 | D:1      | Learned a level 2 spell: Static Discharge
   340 | D:1      | Reached skill level 1 in Fighting
   563 | D:1      | Reached XP level 3. HP: 20/20 MP: 0/7
  1655 | D:2      | Reached XP level 4. HP: 24/26 MP: 2/8
  1747 | D:2      | Reached skill level 5 in Air Magic
  2018 | D:2      | Learned a level 4 spell: Flame Wave
  2165 | D:3      | Found a faded altar of an unknown god.
  2308 | D:3      | Reached skill level 1 in Evocations
  2425 | D:3      | Gained mutation: Your magical nature lets you fly swiftly
                  | and evasively. [Tengu growth]
  2425 | D:3      | Reached XP level 5. HP: 30/30 MP: 5/9
  2550 | D:3      | Noticed a kobold brigand
  2724 | D:3      | Noticed Robin
  2732 | D:3      | Killed Robin
  2733 | D:3      | Reached skill level 1 in Fire Magic
  2862 | D:3      | Killed a kobold brigand
  2863 | D:3      | Reached XP level 6. HP: 17/36 MP: 2/10
  3567 | D:4      | Noticed an ice beast
  3732 | D:4      | Noticed a black bear
  3868 | D:4      | Noticed Sigmund
  3908 | D:4      | Killed an ice beast
  3909 | D:4      | Reached skill level 6 in Air Magic
  3909 | D:4      | Reached XP level 7. HP: 24/41 MP: 0/11
  4110 | D:4      | Killed Sigmund
  4111 | D:4      | Reached skill level 5 in Conjurations
  4813 | D:5      | Entered Level 5 of the Dungeon
  5027 | D:5      | Reached XP level 8. HP: 37/48 MP: 7/12
  5176 | D:5      | Found a radiant altar of Vehumet.
  5212 | D:5      | Became a worshipper of Vehumet
  5312 | D:5      | Learned a level 4 spell: Airstrike
  5351 | D:5      | Reached skill level 7 in Air Magic
  6065 | D:5      | Found a blossoming altar of Fedhas.
  6105 | D:5      | Mangled by an iguana

Illustrated notes

Levels and vault maps discovered:
D:1:      dpeg_arrival_round_b, layout_basic, serial_shops,
          nicolae_shop_bloodbath_and_beyond, chequers_serial_rivers_small_3
D:2:      layout_loops_ring, minmay_misc_feat_columns
D:3:      cheibrodos_thug_alley, layout_loops_ring,
          ebering_ecumenical_altar_webs, grunt_decor_arrowhead, uniq_robin
D:4:      layout_loops_ring, uniq_sigmund
D:5:      cheibrodos_two_vegetables, layout_cave_pods,
          mainiacjoe_overflow_catch_the_wave, minmay_temple_entry_junction

Skill      XL: |  1  2  3  4  5  6  7  8 |
---------------+-------------------------+-----
Conjurations   | 2 3 4 5 6 |  6.0
Fighting       | 1 2 3 4 |  4.2
Air Magic      | 5 6 7 |  7.2
Evocations     | 1 2 3 4 |  4.0
Fire Magic     | 1 2 3 4 |  4.4
Dodging        | |  2.1
Stealth        | |  2.0
Spellcasting   | |  2.3

Action                   |  1- 3 |  4- 6 |  7- 9 || total
-------------------------+-------+-------+-------++-------
Melee: Short sword       |     9 |     4 |       ||    13
       Kick              |     1 |    10 |    11 ||    22
       Whip              |       |    35 |    40 ||    75
       Peck              |       |     3 |    12 ||    15
       Punch             |       |       |     1 ||     1
 Cast: Shock             |    82 |    64 |    68 ||   214
       Static Discharge  |     1 |    19 |    30 ||    50
  Use: Potion            |       |     4 |       ||     4
       Scroll            |       |     9 |     4 ||    13
 Stab: Sleeping          |       |     1 |       ||     1
Armor: Robe              |     3 |     5 |     7 ||    15
Dodge: Dodged            |    13 |    30 |    46 ||    89

Table legend: (Time is in decaauts)
 A = Elapsed time spent in this place.
 B = Non-inter-level travel time spent in this place.
 C = Inter-level travel time spent in this place.
 D = Time resting spent in this place.
 E = Time spent auto-exploring this place.
 F = Levels seen in this place.
 G = Mean time per level.
                   A        B        C        D        E       F      G
               +--------+--------+--------+--------+--------+-----+--------+
         Total |   5938 |   5687 |    251 |    745 |   4140 |   5 | 1187.6 |
       Dungeon |   5938 |   5687 |    251 |    745 |   4140 |   5 | 1187.6 |
               +--------+--------+--------+--------+--------+-----+--------+

Top non-repeatable levels by time:
     D:3: 1684 daAuts
     D:4: 1346 daAuts
     D:1: 1163 daAuts
     D:2: 888 daAuts
     D:5: 855 daAuts
